 Dungeon Crawl Stone Soup version 0.18.1-1-g2f07953 (webtiles) character file.

20747 M4edhros the Unseen (level 12, -8/91 HPs)
             Began as an Octopode Artificer on May 7, 2016.
             Was an Initiate of Gozag.
             Mangled by a blink frog (20 damage)
             ... on level 1 of the Lair of Beasts.
             The game lasted 00:32:55 (16557 turns).

M4edhros the Unseen (Octopode Artificer)           Turns: 16557, Time: 00:32:56

Health: -8/91      AC:  7    Str: 15    XL:     12   Next: 82%
Magic:  14/14      EV: 20    Int: 14    God:    Gozag
Gold:   1101       SH:  0    Dex: 16    Spells: 1 memorised, 9 levels left

rFire  . . .     SeeInvis +     W - +5 short sword (venom)
rCold  + . .     Gourm    .     (no shield)
rNeg   . . .     Faith    .     (helmet restricted)
rPois  .         Spirit   .     E - amulet of regeneration
rElec  .         Dismiss  .     S - ring of sustain attributes
rCorr  +         Reflect  .     y - ring of see invisible
SustAt +         Harm     .     M - +4 ring of protection
MR     +....                    O - ring of resist corrosion
Stlth  +++++++++.               Y - ring "Xilif" {+Blink +Fly Str+3}
                                (no ring)
                                (no ring)
                                (no ring)

@: gold aura, drained, somewhat resistant to hostile enchantments, incredibly
stealthy
A: almost no armour, amphibious, 8 rings, constrict 8, slimy green scales 1,
camouflage 1, cold resistance 1, magic resistance 1, robust 1, gelatinous body 1
a: Potion Petition, Call Merchant, Bribe Branch, Renounce Religion, Evoke Blink,
Evoke Flight


You were on level 1 of the Lair of Beasts.
You worshipped Gozag.
Gozag was noncommittal.
You were not hungry.

You visited 3 branches of the dungeon, and saw 15 of its levels.
You also visited: Ice Cave.

You collected 4442 gold pieces.
You spent 125 gold pieces at shops.
You paid 3216 gold pieces to Gozag.

Inventory:

Hand Weapons
 a - a +0 short sword
 x - a +2 dagger of speed
 A - a +2 dagger of protection
 H - a +1 dagger of venom
 W - a +5 short sword of venom (weapon)
Jewellery
 p - an uncursed ring of fire
 y - a ring of see invisible (right tentacle)
 E - an amulet of regeneration (around mantle)
 M - a +4 ring of protection (on tentacle)
 O - a ring of resist corrosion (on tentacle)
 P - an uncursed ring of fire
 S - a ring of sustain attributes (left tentacle)
 Y - the ring "Xilif" (on tentacle) {+Blink +Fly Str+3}
   (You bought it in a shop on level 2 of the Orcish Mines)

   [ring of flight]

   It affects your strength (+3).
   It lets you fly.
   It lets you blink.
Wands
 c - a wand of enslavement (0/24)
 d - a wand of random effects (0/48)
 e - a wand of iceblast (0/15)
 r - a wand of disintegration (0/24)
 s - a wand of disintegration (0/24)
 v - a wand of hasting (2/9)
 G - a wand of slowing (15/48)
 I - a wand of lightning (0/15)
 L - a wand of flame (7/48)
 T - a wand of flame (9/48)
Scrolls
 g - 3 scrolls of fog
 h - 3 scrolls of recharging
 j - 4 scrolls of remove curse
 k - 6 scrolls of teleportation
 l - 3 scrolls of enchant armour
 o - a scroll of fear
 u - a scroll of immolation
 w - 3 scrolls of magic mapping
 z - 2 scrolls of amnesia
Potions
 i - 5 potions of magic
 C - a potion of ambrosia
 F - a potion of flight
 V - a potion of brilliance {unknown}
 X - a potion of invisibility {unknown}
Books
 b - a book of Power

   Spells                             Type                      Level
   a - Fulminant Prism                Conjuration/Hexes            4
   b - Iskenderun's Mystic Blast      Conjuration                  4
   c - Venom Bolt                     Conjuration/Poison           5
   d - Bolt of Magma                  Conjuration/Fire/Earth       5
   e - Iron Shot                      Conjuration/Earth            6
   f - Orb of Destruction             Conjuration                  7
   g - Spellforged Servitor           Conjuration/Summoning        7
 m - an Akashic Record

   Spells                             Type                      Level
   a - Dispersal                      Translocation                6
   b - Malign Gateway                 Summoning/Translocation      7
   c - Disjunction                    Translocation                8
   d - Controlled Blink               Translocation                8
 q - a book of the Tempests

   Spells                             Type                      Level
   a - Static Discharge               Conjuration/Air              3
   b - Lightning Bolt                 Conjuration/Air              5
   c - Fireball                       Conjuration/Fire             5
   d - Tornado                        Air                          9
   e - Shatter                        Earth                        9
 B - Sif Muna's Reference Book on Aid and Summoning
   (You found it on level 6 of the Dungeon)

   Spells                             Type                      Level
   a - Repel Missiles                 Charms/Air                   2
   b - Call Imp                       Summoning                    2
   c - Summon Ice Beast               Ice/Summoning                4
   d - Summon Demon                   Summoning                    5
   e - Deflect Missiles               Charms/Air                   6
 K - a book of Clouds

   Spells                             Type                      Level
   a - Mephitic Cloud                 Conjuration/Poison/Air       3
   b - Conjure Flame                  Conjuration/Fire             3
   c - Poisonous Cloud                Conjuration/Poison/Air       6
   d - Freezing Cloud                 Conjuration/Ice/Air          6
   e - Ring of Flames                 Charms/Fire                  7
 R - a book of Flames

   Spells                             Type                      Level
   a - Flame Tongue                   Conjuration/Fire             1
   b - Throw Flame                    Conjuration/Fire             2
   c - Conjure Flame                  Conjuration/Fire             3
   d - Inner Flame                    Hexes/Fire                   3
   e - Sticky Flame                   Conjuration/Fire             4
   f - Fireball                       Conjuration/Fire             5
Comestibles
 f - 8 bread rations
 n - 9 beef jerkies
 t - a meat ration
 D - 5 fruits


   Skills:
 - Level 8.2(8.1) Fighting
 - Level 3.7(3.5) Short Blades
 + Level 11.4(11.2) Dodging
 - Level 18.0(17.8) Stealth
 + Level 6.6(6.5) Unarmed Combat
 - Level 3.2(3.1) Evocations


You had 9 spell levels left.
You knew the following spells:

 Your Spells              Type           Power        Failure   Level  Hunger
a - Repel Missiles        Chrm/Air       #.....       43%         2    ###....


Dungeon Overview and Level Annotations

Branches:
Dungeon (12/15)              Lair (1/8) D:9             Orc (2/2) D:12
    Elf (0/3) Orc:2
 Temple: D:4-7

Altars:
Ashenzari
Cheibriados
Dithmenos
Fedhas
Gozag
Kikubaaqudgha
Makhleb
Okawaru
Pakellas
Qazlal
Ru
Sif Muna
Vehumet
The Shining One
Beogh

Shops:
D:6 (   D:8 }?   D:9 =   D:10 [   D:11 !   Orc:2 ([*(

Portals:
Trove: D:10 (show abyssal rune of Zot)

Annotations:
Orc:2 M4edhros's ghost, journeyman OpAr


Innate Abilities, Weirdness & Mutations

You cannot wear most types of armour.
You are amphibious.
You can wear up to eight rings at the same time.
You can use your tentacles to constrict eight enemies at once.
Your skin changes colour to match your surroundings (Stealth).
Your rubbery body absorbs attacks (AC +1).
You are partially covered in slimy green scales (AC +2).
Your flesh is cold resistant.
You are resistant to hostile enchantments.
You are robust (+10% HP).


Message History

The blink frog hits you.
* * * LOW HITPOINT WARNING * * *
Unknown command.
Unknown command.
You barely miss the blink frog. You grab the blink frog.
You squeeze the blink frog!
The blink frog is moderately wounded.
You constrict the blink frog. x2; The blink frog misses you.
The blink frog barely misses you. The blink frog closely misses you.
The blink frog hits you!
* * * LOW HITPOINT WARNING * * *
The blink frog struggles to blink free from constriction.
Unknown command.
Unknown command.
You puncture the blink frog!
The blink frog is poisoned.
You squeeze the blink frog.
The blink frog is severely wounded.
You constrict the blink frog. x2; The blink frog hits you!!
You die...
Your body crumbles into a pile of gold.

♣♣♣♣♣♣♣♣♣♣♣♣♣
♣...........♣
♣......FF...♣
##''@##
#⌠...⌠#
#.....#
#..<..#
#.....#
#######


You could see 2 blink frogs.

Vanquished Creatures
  Josephine (D:11)
  Erolcha (D:8)
  A centaur warrior (D:10)
  An orc high priest (Orc:2)
  2 hill giants (D:10)
  An orc sorcerer (Orc:2)
  An ugly thing (D:12)
  Maurice (D:8)
  2 manticores
  Psyche (D:8)
  A kobold demonologist (D:11)
  An efreet (D:12)
  A komodo dragon (D:11)
  2 two-headed ogres
  4 trolls
  2 blink frogs (Lair:1)
  4 yaks (D:11)
  5 wraiths
  A hungry ghost (D:10)
  2 steam dragons
  2 wargs
  2 mottled dragons (D:12)
  A water moccasin (D:9)
  22 orc warriors
  8 ice beasts
  5 sky beasts
  4 phantoms
  A wasp (D:10)
  11 ogres
  3 necrophages
  4 centaurs
  2 big kobolds
  A wyvern zombie (D:11)
  10 giant frogs
  5 scorpions
  2 wyvern skeletons
  9 wights
  4 howler monkeys
  4 crimson imps
  4 hounds
  2 centaur skeletons
  23 orc priests
  A jelly (D:9)
  3 giant frog skeletons
  4 iguanas
  24 orc wizards
  15 worker ants
  A killer bee zombie (D:6)
  2 hound skeletons
  A worker ant zombie (D:11)
  4 gnolls (D:3)
  10 adders
  A howler monkey skeleton (D:6)
  3 shadow imps
  12 white imps (D:11)
  4 oozes
  An adder skeleton (D:4)
  4 worms
  A dart slug (D:2)
  7 giant geckos
  84 orcs
  3 ball pythons
  8 giant cockroaches
  6 goblins
  3 hobgoblins
  20 jackals
  16 kobolds
  6 quokkas
  8 bats
  2 giant newts
  7 rats
  A fungus (D:9)
  2 plants (D:4)
428 creatures vanquished.

Vanquished Creatures (collateral kills)
  An orc knight (Orc:1)
  An ogre (Orc:1)
  An orc priest (Orc:2)
  A shadow imp (D:7)
  7 orcs
11 creatures vanquished.

Vanquished Creatures (others)
  A troll (Orc:2)
  2 orc warriors
  2 sky beasts
  2 ogres
  A wight (D:6)
  An orc wizard (Orc:2)
9 creatures vanquished.

Grand Total: 448 creatures vanquished

Notes
Turn   | Place    | Note
--------------------------------------------------------------
     0 | D:1      | M4edhros the Octopode Artificer began the quest for the Orb.
     0 | D:1      | Reached XP level 1. HP: 13/13 MP: 3/3
    56 | D:2      | Reached skill level 2 in Stealth
   145 | D:2      | Reached skill level 3 in Stealth
   145 | D:2      | Reached XP level 2. HP: 3/18 MP: 4/4
   668 | D:3      | Reached skill level 4 in Stealth
   681 | D:3      | Reached XP level 3. HP: 14/23 MP: 5/5
   812 | D:3      | Found a glowing golden altar of the Shining One.
   812 | D:3      | Found an opulent altar of Gozag.
   833 | D:3      | Found a deep blue altar of Sif Muna.
   971 | D:3      | Became a worshipper of Gozag Ym Sagoz the Greedy
  1010 | D:2      | Reached skill level 5 in Stealth
  1410 | D:1      | Reached XP level 4. HP: 28/28 MP: 6/6
  1757 | D:1      | You fall through a shaft!
  2396 | D:2      | Reached skill level 6 in Stealth
  2592 | D:3      | Found a shadowy altar of Dithmenos.
  3141 | D:3      | Reached XP level 5. HP: 33/33 MP: 7/7
  3185 | D:3      | Reached skill level 7 in Stealth
  3695 | D:4      | Found a sacrificial altar of Ru.
  3748 | D:4      | Reached skill level 8 in Stealth
  3775 | D:4      | Reached XP level 6. HP: 23/38 MP: 8/8
  4193 | D:4      | Found a snail-covered altar of Cheibriados.
  4194 | D:4      | Found a radiant altar of Vehumet.
  4289 | D:4      | Reached skill level 9 in Stealth
  4303 | D:4      | Found a stormy altar of Qazlal.
  4878 | D:5      | Entered Level 5 of the Dungeon
  4892 | D:5      | Reached skill level 10 in Stealth
  4892 | D:5      | Reached XP level 7. HP: 20/43 MP: 9/9
  5701 | D:5      | Reached skill level 11 in Stealth
  5974 | D:6      | Reached skill level 12 in Stealth
  6054 | D:6      | Found a burning altar of Makhleb.
  6135 | D:6      | Reached XP level 8. HP: 19/47 MP: 10/10
  6568 | D:6      | Reached skill level 13 in Stealth
  6908 | D:6      | Identified Sif Muna's Reference Book on Aid and Summoning
  7070 | D:6      | Found an iron altar of Okawaru.
  7091 | D:6      | Reached skill level 14 in Stealth
  7486 | D:6      | Reached XP level 9. HP: 11/53 MP: 11/11
  7613 | D:6      | Reached skill level 15 in Stealth
  8325 | D:7      | Reached skill level 16 in Stealth
  8971 | D:8      | Noticed Psyche
  8973 | D:8      | Killed Psyche
  8973 | D:8      | Reached skill level 17 in Stealth
  9052 | D:8      | Found an oddly glowing altar of Pakellas.
  9052 | D:8      | Found Pakellas's Prime Provisions.
  9109 | D:8      | Noticed Maurice
  9116 | D:8      | Killed Maurice
  9116 | D:8      | Reached skill level 18 in Stealth
  9116 | D:8      | Reached XP level 10. HP: 58/58 MP: 12/12
  9230 | D:8      | Found a shattered altar of Ashenzari.
  9302 | D:8      | Noticed Erolcha
  9320 | D:8      | Killed Erolcha
  9638 | D:8      | Found Yliytt's Magic Scroll Boutique.
  9827 | D:8      | You fall through a shaft for 2 floors!
  9827 | D:10     | Entered Level 10 of the Dungeon
  9827 | D:10     | Found a portal to a secret trove of treasure.
  9939 | D:10     | Found a shattered altar of Ashenzari.
  9945 | D:10     | Noticed a hill giant
 10003 | D:10     | Killed a hill giant
 10119 | D:10     | Reached skill level 5 in Dodging
 10202 | D:10     | Reached skill level 5 in Fighting
 10352 | D:10     | Noticed a hill giant
 10357 | D:10     | Killed a hill giant
 10384 | D:10     | Reached XP level 11. HP: 70/70 MP: 13/13
 10585 | D:10     | Learned a level 2 spell: Repel Missiles
 10702 | D:11     | Noticed a manticore
 10709 | D:11     | Killed a manticore
 10801 | D:11     | Gained mutation: You are partially covered in slimy green scales (AC +2). [potion of mutation]
 10801 | D:11     | Gained mutation: You are robust (+10% HP). [potion of mutation]
 10802 | D:11     | Gained mutation: Your flesh is cold resistant. [potion of mutation]
 10802 | D:11     | Gained mutation: You are resistant to hostile enchantments. [potion of mutation]
 10811 | D:11     | Noticed Josephine
 10836 | D:11     | Killed Josephine
 10972 | D:11     | Found a frozen archway.
 11031 | IceCv    | Entered an ice cave
 11182 | D:11     | Found Hejih's Distillery.
 11839 | D:9      | Found a blossoming altar of Fedhas.
 11840 | D:9      | Found an ancient bone altar of Kikubaaqudgha.
 12159 | D:9      | Found a staircase to the Lair.
 12538 | D:10     | Noticed a centaur warrior
 12596 | D:10     | Killed a centaur warrior
 12839 | D:12     | Reached XP level 12. HP: 30/91 MP: 14/14
 12963 | D:12     | Reached skill level 1 in Unarmed Combat
 13177 | D:12     | Found a staircase to the Orcish Mines.
 13303 | D:12     | Reached skill level 10 in Dodging
 13335 | D:12     | Found an ancient bone altar of Kikubaaqudgha.
 13837 | Orc:1    | Entered Level 1 of the Orcish Mines
 13934 | Orc:2    | Entered Level 2 of the Orcish Mines
 14006 | Orc:2    | Found a staircase to the Elven Halls.
 14245 | Orc:2    | Found a roughly hewn altar of Beogh.
 14321 | Orc:2    | Noticed M4edhros's ghost (journeyman OpAr)
 14335 | Orc:2    | Bought a faintly glowing bone ring for 125 gold pieces
 14335 | Orc:2    | Identified the ring "Xilif" {+Blink +Fly Str+3} (You bought it in a shop on level 2 of the Orcish Mines)
 14607 | Orc:1    | Reached skill level 5 in Unarmed Combat
 14807 | Orc:1    | Found a roughly hewn altar of Beogh.
 15196 | Orc:2    | Noticed an orc high priest
 15198 | Orc:2    | Noticed a sun demon
 15202 | Orc:2    | Noticed a sun demon
 15385 | Orc:2    | Found a roughly hewn altar of Beogh.
 15477 | Orc:2    | Found Fukirawk's Weapon Shop.
 15575 | Orc:2    | Killed an orc high priest
 15665 | Orc:2    | Noticed an orc warlord
 15801 | Orc:2    | Found a roughly hewn altar of Beogh.
 15811 | Orc:2    | Found Yremanif's Armour Emporium.
 16139 | Orc:2    | Found a roughly hewn altar of Beogh.
 16139 | Orc:2    | Found Foasyid's Antique Weapon Shop.
 16334 | Orc:2    | Found a roughly hewn altar of Beogh.
 16539 | Lair:1   | Entered Level 1 of the Lair of Beasts
 16557 | Lair:1   | Mangled by a blink frog

Skill      XL: |  1  2  3  4  5  6  7  8  9 10 11 12 |
---------------+-------------------------------------+-----
Stealth        | 3 4 5 6 8 10 12 14 18 | 18.0
Fighting       | 6 8 |  8.2
Dodging        | 6 9 11 | 11.4
Short Blades   | 3 |  3.7
Unarmed Combat | 6 |  6.6
Evocations     | |  3.2

Action                   |  1- 3 |  4- 6 |  7- 9 | 10-12 || total
-------------------------+-------+-------+-------+-------++-------
Melee: Short sword       |    61 |   174 |   180 |   345 ||   760
       Constrict         |    17 |    35 |    38 |   150 ||   240
       Tentacles         |    10 |    39 |    52 |   237 ||   338
       Dagger            |       |       |    27 |   524 ||   551
       Unarmed           |       |       |       |    22 ||    22
       Punch             |       |       |       |    25 ||    25
 Cast: Repel Missiles    |       |       |       |     2 ||     2
Invok: Call Merchant     |       |       |     1 |     3 ||     4
       Potion Petition   |       |       |       |     1 ||     1
Evoke: Wand              |     2 |     6 |    14 |    79 ||   101
  Use: Potion            |       |     2 |     5 |    18 ||    25
       Scroll            |       |       |       |    18 ||    18
 Stab: Sleeping          |     6 |    22 |    26 |    40 ||    94
       Distracted        |       |     1 |     5 |    12 ||    18
  Eat: Meat ration       |       |     2 |     2 |     3 ||     7
       Bread ration      |       |     1 |       |     1 ||     2
       Royal jelly       |       |       |     1 |     2 ||     3
       Pizza             |       |       |       |     1 ||     1
       Beef jerky        |       |       |       |     1 ||     1
Armor: Skin              |    13 |    15 |    10 |   133 ||   171
Dodge: Dodged            |    41 |    75 |   109 |   504 ||   729
       Deflected         |       |       |       |     3 ||     3
